[Event "2nd Asian Nations Team Cup U14 2019"]
[Site "Shenzhen"]
[Date "2019.12.25"]
[Round "9.8"]
[White "Zhao, Yunqing"]
[Black "Angar, Zoljargal"]
[Result "1/2-1/2"]
[ECO "D47"]
[WhiteElo "1542"]
[BlackElo "1696"]
[Annotator "NA RC"]
[PlyCount "159"]
[EventDate "2019.12.19"]
[EventType "team-tourn"]
[EventCountry "CHN"]
[SourceTitle "playchess.com"]
[Source "ChessBase"]
[SourceQuality "1"]
[WhiteTeam "China"]
[BlackTeam "Mongolia"]
[WhiteTeamCountry "CHN"]
[BlackTeamCountry "MGL"]
[TimeControl "5400+30"]

1. d4 d5 2. c4 c6 3. Nc3 Nf6 4. Nf3 e6 5. e3 Nbd7 6. Bd3 dxc4 7. Bxc4 b5 8. Bd3 Bb7 9. e4 b4 10. Na4 Be7 11. O-O O-O 12. Qc2 h6 13. Be3 Qa5 14. h3 e5 15. dxe5 Nxe5 16. Nxe5 Qxe5 17. f4 Qa5 18. Nc5 Bxc5 19. Qxc5 Qxc5 20. Bxc5 Rfd8 21. Rad1 a5 22. Bc2 Ba6 23. Rfe1 Bc4 24. b3 Bb5 25. Kf2 Rd7 26. e5 Rxd1 27. Rxd1 Nd5 28. f5 Re8 29. Re1 Nf4 30. Kf3 Nd3 31. Bxd3 Bxd3 32. g4 g6 33. Kf4 g5+ 34. Kf3 Kg7 35. e6 fxe6 36. fxe6 Kf6 37. e7 Bg6 38. Ke3 Ke5 39. Rd1 h5 40. Rd8 hxg4 41. hxg4 Bf7 42. a3 bxa3 43. Bxa3 Bg6 44. Rd6 Bf7 45. Rxc6 Bxb3 46. Rg6 Be6 47. Rxg5+ Kf6 48. Kf4 Rc8 49. Rxa5 Rc4+ 50. Ke3 Kf7 51. g5 Rg4 52. Ra8 Bd7 53. Rf8+ Kg6 54. Rd8 Ba4 55. Rg8+ Kf7 56. Rf8+ Kg6 57. Rf4 Rxf4 58. Kxf4 Kf7 59. Ke5 Bb5 60. Bb4 Ba4 61. Kf5 Bc2+ 62. Kg4 Bd1+ 63. Kh4 Bc2 64. Kh5 Bd3 65. Kh6 Bc2 66. Kh5 Bd1+ 67. Kh4 Bc2 68. Kg3 Bd3 69. Kf4 Bc2 70. Ke5 Ba4 71. Kd6 Bb5 72. Bc3 Ba4 73. Bf6 Bb5 74. Ke5 Ba4 75. Kf5 Bc2+ 76. Kf4 Ba4 77. Ke3 Bc2 78. Kd4 Ba4 79. Ke5 Bc2 80. Kd5 1/2-1/2

[Event "2nd Asian Nations Team Cup U14 2019"]
[Site "Shenzhen"]
[Date "2019.12.25"]
[Round "9.13"]
[White "Li, Shanglin"]
[Black "Han, Xuqian Ben"]
[Result "1-0"]
[ECO "E62"]
[WhiteElo "2020"]
[BlackElo "1714"]
[Annotator "NA RC"]
[PlyCount "67"]
[EventDate "2019.12.19"]
[EventType "team-tourn"]
[EventCountry "CHN"]
[SourceTitle "playchess.com"]
[Source "ChessBase"]
[SourceQuality "1"]
[WhiteTeam "China"]
[BlackTeam "Hong Kong"]
[WhiteTeamCountry "CHN"]
[BlackTeamCountry "HKG"]
[TimeControl "5400+30"]

1. d4 Nf6 2. c4 g6 3. g3 Bg7 4. Bg2 O-O 5. Nc3 d6 6. Nf3 Nc6 7. O-O Bg4 8. d5 Na5 9. Nd2 c5 10. dxc6 {[%emt 0:01:31] E62: King's Indian: Fianchetto: 6...c6 and Panno Variation (6...Nc6) without ...a6} (10. Rb1 $14) (10. h3 Bd7 11. Qc2 a6 12. b3 b5 13. Bb2 Rb8 14. Rab1 e5 15. e4 Nh5 16. Ne2 f5 17. f4 bxc4 18. fxe5 cxb3 19. axb3 dxe5 20. exf5 gxf5 21. Ra1 Bb5 22. Nc4 Nxb3 23. Qxb3 Bxc4 24. Qxc4 Rxb2 {0-1 (41) Donchenko,A (2618)-Ziska,H (2533) Le Blanc Mesnil 2019}) 10... Nxc6 11. b3 d5 12. Bb2 dxc4 $146 ({Black should play Predecessor:} 12... d4 $15 13. Na4 Qc8 (13... e5 14. Nc5 Qc7 15. h3 Bf5 16. Nde4 Nxe4 17. Nxe4 Rad8 {½-½ (61) Godzwon,I (2322)-Raczynski,K (2157) Szklarska Poreba 2019})) 13. Nxc4 Qc8 14. Re1 Rd8 15. Qc1 Be6 16. Nb5 Bd5 17. e4 Bxc4 18. Qxc4 a6 19. Na3 e5 20. Rac1 Qd7 21. Qf1 Qe8 22. Nc4 b5 23. Nb6 Rab8 24. Nd5 Nxd5 25. exd5 Nb4 26. f4 Nxd5 $2 (26... Qd7 $14) 27. Bxe5 Ra8 $2 (27... Qe6 28. Bxb8 Qb6+ 29. Kh1 Qxb8) 28. Bxg7 Ne3 29. Qf2 Kxg7 30. Rxe3 Rac8 31. Rxe8 Rxc1+ 32. Re1 $18 Rdd1 33. Rxd1 Rxd1+ 34. Bf1 1-0

[Event "2nd Asian Nations Team Cup U14 2019"]
[Site "Shenzhen"]
[Date "2019.12.25"]
[Round "9.14"]
[White "Kannappan, Thanneermalai"]
[Black "Xue, Haowen"]
[Result "0-1"]
[ECO "B56"]
[WhiteElo "1495"]
[BlackElo "1909"]
[Annotator "NA RC"]
[PlyCount "72"]
[EventDate "2019.12.19"]
[EventType "team-tourn"]
[EventCountry "CHN"]
[SourceTitle "playchess.com"]
[Source "ChessBase"]
[SourceQuality "1"]
[WhiteTeam "Hong Kong"]
[BlackTeam "China"]
[WhiteTeamCountry "HKG"]
[BlackTeamCountry "CHN"]
[TimeControl "5400+30"]

1. e4 c5 2. Nf3 d6 3. d4 Nf6 4. Nc3 cxd4 5. Nxd4 Bd7 6. Be3 Ng4 {[%emt 0:00:14] B56: Classical Sicilian: Unusual Lines} 7. Qd2 (7. Bd2 $14) (7. Bg5 h6 8. Bh4 g5 9. Bg3 Bg7 10. h3 Ne5 11. Nf5 Bxf5 12. exf5 Nbc6 13. Nd5 Qd7 14. c3 {1-0 (35) Kulaots,K (2568)-Nevednichy,V (2551) Iasi 2016}) 7... Nxe3 8. Qxe3 Nc6 9. Be2 g6 10. O-O Bg7 11. Nb3 O-O 12. Rad1 Rc8 $146 ({Predecessor:} 12... Ne5 13. h3 Bc6 14. f4 {½-½ (31) Wolf,C (1790)-Moritz,A (1764) Dresden 2008}) 13. f4 Nb4 14. Qd2 ({White should try} 14. Rd2 $11) 14... Qb6+ 15. Kh1 Bxc3 $1 16. bxc3 Nxa2 17. c4 {[%emt 0:02:54] [#]} Qb4 $1 18. Qxb4 Nxb4 19. c5 Nxc2 20. cxd6 (20. Rd2 $17 Ne3 21. Rf3) 20... Rfe8 21. e5 $2 (21. dxe7 Rxe7 22. Rc1) 21... Ne3 $1 {[%emt 0:01:53] Double Attack} 22. dxe7 Nxd1 23. Rxd1 Ba4 24. Rd8 Bxb3 25. Rxe8+ Rxe8 26. Bb5 Rxe7 27. Kg1 $19 a5 28. Kf2 a4 29. Bd3 a3 30. Bb1 Rc7 31. Ke3 Rc1 32. Be4 a2 33. Kd4 a1=Q+ 34. Kd3 Qc3+ 35. Ke2 Re1+ 36. Kf2 Qe3# 0-1

[Event "2nd Asian Nations Team Cup U14 2019"]
[Site "Shenzhen"]
[Date "2019.12.25"]
[Round "9.15"]
[White "Wang, Xiaozhi"]
[Black "Liu, Fung Ming Mathew"]
[Result "0-1"]
[ECO "D37"]
[WhiteElo "1872"]
[BlackElo "1493"]
[Annotator "NA RC"]
[PlyCount "178"]
[EventDate "2019.12.19"]
[EventType "team-tourn"]
[EventCountry "CHN"]
[SourceTitle "playchess.com"]
[Source "ChessBase"]
[SourceQuality "1"]
[WhiteTeam "China"]
[BlackTeam "Hong Kong"]
[WhiteTeamCountry "CHN"]
[BlackTeamCountry "HKG"]
[TimeControl "5400+30"]

1. d4 d5 2. Bf4 Nf6 3. e3 c6 4. c4 e6 5. Nc3 Bb4 6. Nf3 Nbd7 7. Bd3 {[%emt 0:00:29] D37: Queen's Gambit Declined: 5 Bf4} (7. Qb3 Qa5 8. a3 Bxc3+ 9. Qxc3 Qxc3+ 10. bxc3 Ne4 11. Rc1 b6 12. cxd5 exd5 13. c4 dxc4 14. Bxc4 Bb7 15. Ke2 {½-½ (60) So,W (2780)-Wei,Y (2729) chess.com INT 2018}) 7... dxc4 8. Bxc4 Nd5 9. Bxd5 exd5 10. O-O O-O 11. Rc1 $146 ({Predecessor:} 11. a3 Bxc3 12. bxc3 Re8 13. Qd3 Nb6 14. Nd2 Na4 {0-1 (28) Carpenco,V (1391)-Ivas,J (2073) Stari Banovci 2017}) 11... Re8 12. a3 Bf8 13. b4 Nb6 14. Ne5 f6 15. Nd3 Nc4 16. a4 Bf5 17. Rb1 Qe7 18. Re1 Qf7 19. Rb3 (19. h4 $17) 19... Qg6 20. Na2 Bh3 (20... a5 $19 {has better winning chances.} 21. bxa5 Rxa5) 21. Bg3 Bg4 22. Qc1 Bd6 ({Better is} 22... h5 $17 23. Qc3 Rac8) 23. Bxd6 Nxd6 24. Nf4 Qf7 25. Nc3 Bf5 26. b5 g5 27. Nfe2 Nc4 28. Ng3 Bg6 29. Nf1 Na5 30. Ra3 Nc4 31. Ra1 Qf8 32. Nd2 Bd3 33. Nxc4 dxc4 34. e4 ({White should try} 34. Nd1 $11) 34... Qd6 35. d5 cxd5 36. exd5 Rxe1+ (36... Kf7 $17) 37. Qxe1 Kf7 38. Qe3 Qe5 (38... Re8 $17 39. Qd2 (39. Qxa7 $2 Qe5 $19) 39... h5) 39. Qxe5 fxe5 40. f3 (40. Re1 $11) 40... Ke7 41. Re1 Kd6 42. Kf2 Re8 43. Ke3 h6 44. Rc1 Rf8 45. g3 (45. Ne4+ $142 Kxd5 46. Rd1) 45... Kc5 46. Na2 $2 (46. Ne4+ $17 {is more resistant.} Kb4 47. Nf2) 46... b6 (46... g4 $142 47. fxg4 e4) 47. Rc3 $2 (47. Re1 {was the crucial defense.}) 47... Re8 48. Nc1 e4 49. f4 gxf4+ 50. gxf4 Kxd5 51. Na2 {[%emt 0:00:20] [#]} Kc5 $1 52. Rc1 $1 $11 {[%emt 0:00:30] and White has nothing to worry.} Rg8 53. Nc3 Re8 $2 (53... Kb4 $19 54. f5 Kb3) 54. f5 $2 $11 {[%emt 0:00:42] and White is okay.} Kb4 55. Nd5+ Kc5 $2 ({Black should play} 55... Kb3 $19 56. Nc7 Re7) 56. Nc7 $2 Re7 (56... Re5 $19 57. Ne6+ Kb4) 57. Ne6+ $2 (57. Na6+ $1 $15 Kd6 58. Nb4) 57... Kd6 $2 (57... Kb4 $19 58. Nd4 Rd7) 58. Kf4 $2 (58. Nf4 $11 {and White stays safe.}) 58... Rf7 59. Nd8 Rf6 60. Nc6 e3 61. Kxe3 Rxf5 ({Black should play} 61... a5 $17 62. Nd4 Kc5) 62. Nxa7 $2 (62. Nb4 $1 $11 {and White is okay.}) 62... Kc5 63. Nc6 Bf1 64. Ke4 Rf2 65. h4 Bg2+ 66. Ke3 Rf6 67. Ne5 Re6 68. Kf4 Bd5 69. Kf5 Re7 70. Kf6 {[%emt 0:00:27] [#]} (70. h5 $17) 70... Re6+ $2 ({Black should try} 70... Re8 $1 $17 71. Nd7+ Kb4) 71. Kf5 {[%emt 0:00:05] [#]} Rd6 $1 72. Nd3+ Kd4 73. Nf4 Be4+ 74. Kg4 Kc5 75. Ne2 h5+ 76. Kf4 Bd3 77. Ng3 Rd4+ 78. Ke5 (78. Kf3 $142 Rxh4 79. Kf2) 78... Rxh4 79. Nh1 Rh2 (79... Re4+ $142 80. Kf6 Kb4) 80. Ng3 Rf2 81. Ne4+ Bxe4 $1 82. Kxe4 Rg2 83. Rf1 h4 84. Rf6 h3 85. Rc6+ Kb4 86. Rxb6 h2 87. Rh6 c3 88. b6 c2 89. b7 Rg8 0-1

[Event "2nd Asian Nations Team Cup U14 2019"]
[Site "Shenzhen"]
[Date "2019.12.25"]
[Round "9.16"]
[White "Lee, Gerent Chak Yan"]
[Black "Lu, Miaoyi"]
[Result "1/2-1/2"]
[ECO "D11"]
[WhiteElo "1450"]
[BlackElo "1787"]
[Annotator "NA RC"]
[PlyCount "126"]
[EventDate "2019.12.19"]
[EventType "team-tourn"]
[EventCountry "CHN"]
[SourceTitle "playchess.com"]
[Source "ChessBase"]
[SourceQuality "1"]
[WhiteTeam "Hong Kong"]
[BlackTeam "China"]
[WhiteTeamCountry "HKG"]
[BlackTeamCountry "CHN"]
[TimeControl "5400+30"]

1. d4 d5 2. c4 c6 3. Nf3 Nf6 4. g3 dxc4 5. Bg2 Nbd7 6. O-O g6 7. Qc2 Nb6 8. a4 a5 9. e4 Bg7 10. Na3 O-O 11. Be3 Ne8 12. Nxc4 Nxc4 13. Qxc4 Nd6 14. Qc2 Kh8 15. Rac1 f5 16. e5 Ne8 17. Ne1 Nc7 18. Nd3 Nd5 19. Qc5 Be6 20. Bg5 Re8 21. Nf4 Nxf4 22. Bxf4 Rc8 23. Rfd1 Bb3 24. Rd2 Bxa4 25. Qa7 b6 26. d5 cxd5 27. Rxc8 Qxc8 28. Qxb6 e6 29. Qxa5 Qc6 30. Bf1 Ra8 31. Qc3 Qxc3 32. bxc3 h6 33. h4 Rc8 34. Ra2 Be8 35. Rc2 d4 36. c4 Bc6 37. Rd2 Rd8 38. Bg2 Be4 39. c5 d3 40. c6 Bf8 41. Be3 Bb4 42. Rd1 Kh7 43. c7 Rc8 44. Bxe4 fxe4 45. Bb6 Bc3 46. f4 Rxc7 47. Bxc7 e3 48. Rxd3 e2 49. Re3 e1=Q+ 50. Rxe1 Bxe1 51. Kg2 Kg7 52. Bd8 h5 53. Kf3 Kf7 54. g4 hxg4+ 55. Kxg4 Bf2 56. Kg5 Be3 57. Ba5 Bc1 58. Bd8 Bd2 59. Kg4 Bc1 60. Bg5 Bd2 61. h5 gxh5+ 62. Kxh5 Bc1 63. Kg4 Kg6 1/2-1/2

[Event "2nd Asian Nations Team Cup U14 2019"]
[Site "Shenzhen"]
[Date "2019.12.25"]
[Round "9.18"]
[White "Tsogtbayar, Batlut"]
[Black "Xiao, Tong"]
[Result "0-1"]
[ECO "A70"]
[WhiteElo "1404"]
[BlackElo "1925"]
[Annotator "NA RC"]
[PlyCount "78"]
[EventDate "2019.12.19"]
[EventType "team-tourn"]
[EventCountry "CHN"]
[SourceTitle "playchess.com"]
[Source "ChessBase"]
[SourceQuality "1"]
[WhiteTeam "Mongolia"]
[BlackTeam "China"]
[WhiteTeamCountry "MGL"]
[BlackTeamCountry "CHN"]
[TimeControl "5400+30"]

1. d4 Nf6 2. Nf3 e6 3. c4 c5 4. d5 exd5 5. cxd5 d6 6. Nc3 g6 7. e4 a6 8. a4 Bg4 9. Bd3 Bg7 10. h3 Bxf3 11. Qxf3 Nbd7 12. Qe2 O-O 13. O-O Re8 {[%emt 0:02:26] A70: Modern Benoni: 6 e4 g6 7 Nf3} (13... Ne5 14. Bc2 Re8 15. f4 Ned7 16. Qf3 c4 17. Be3 Qa5 18. Rae1 b5 19. axb5 axb5 20. Ne2 b4 21. Bd4 {0-1 (39) Zubritskiy,A (2442)-Khalifman,A (2617) Tallinn 2016}) 14. Qc2 Rc8 15. Bc4 $146 ({Predecessor:} 15. Bf4 c4 16. Be2 Nc5 17. Bf3 Qe7 18. Bg5 Qe5 19. Bh4 Rc7 20. Bg3 Qe7 21. Rfe1 Nfd7 {½-½ (73) Gromova,I (2228)-Iwanow,A (2227) Germany 2015}) 15... Ne5 16. Qb3 (16. Be2 $11 {was the only way to keep the balance.}) 16... Qa5 17. Bf4 Nxc4 18. Qxc4 Qb4 19. Qxb4 (19. Qd3 $17) 19... cxb4 20. Nd1 Rxe4 21. Bxd6 Nxd5 22. a5 Rc2 23. Rb1 Ree2 24. b3 Bd4 25. Bg3 f5 26. Bd6 f4 27. Kh1 Rc6 28. Bb8 Re8 29. Nb2 Rxb8 30. Nc4 Nc3 31. Rbe1 Kf7 32. Kh2 Re8 33. Rxe8 Kxe8 34. Re1+ Kf7 35. f3 Rxc4 36. bxc4 b3 $19 37. h4 b2 38. Kh3 b1=Q 39. Rxb1 Nxb1 0-1